[Event "*** Titled Tuesday 3|2 Blitz"]
[Site "Chess.com"]
[Date "2015.10.06"]
[Round "1"]
[White "Jahonas"]
[Black "Baggio95"]
[Result "1-0"]
[WhiteElo "2059"]
[BlackElo "2393"]
[TimeControl "180+2"]
[EndTime "11:12:10 PDT"]
[Termination "Jahonas won by resignation"]

1. d4 Nf6 2. Nf3 g6 3. c4 Bg7 4.
Nc3 d5 5. cxd5 Nxd5 6. e3 O-O 7.
Qb3 Nxc3 8. bxc3 c5 9. Be2 Nc6 10. O-O b6 11. Rd1 Qc7 12. Bb2 Bb7 13. Rac1 Rfd8 14. a4 e6 15. Qa2 Rac8 16. Ba3 Na5 17. dxc5 bxc5 18. c4 Qc6 19. Bb2 f6 20. Bc3 Qc7 21.
Qb2 e5 22. Qb5 Nc6 23. Qxc5 Bf8 24. Qb5 a6 25. Qb3 Bc5 26. Rb1 Ba8 27. h3 Qa7 28.
Be1 Rb8 29. Rxd8+ Rxd8 30. Qc2 Kg7 31. Rd1 Qc7 32. Rxd8 Qxd8 33. h4 Nb4 34. Bxb4 Bxb4 35.
c5 Qd5 36. Bxa6 Bxc5 37. Bc4 Qb7 38. Qb3 Qxb3 39. Bxb3 Bb4 40. Bc4 h5 41. Kf1 Kh6 42.
Ke2 Bc6 43. Bb5 Bb7 44. g3 Bc3 45. Nd2 f5 46. Nc4 g5 47. hxg5+ Kxg5 48. a5 f4 49. exf4+ exf4 50. a6 Ba8 51. Nd6 Bd4 52. Nb7 fxg3 53. fxg3 Kg4 54. Be8 Be5 55. Nd8 Bxg3 56. Bc6 Bc7 57.
Bxa8 Bb6 58. Ne6 h4 59. Bf3+ Kg3 60. Ng5 h3 61. Ne4+ Kf4 62. Nc3 Kg3 63. Nb5 h2 64. a7 Bxa7 65. Nxa7 Kf4 66. Nb5 Kg3 67. Nd4 Kf4 68.
Bh1 Ke5 69. Nf3+ Kf4 70. Nxh2 Kg3 71. Nf1+ Kf4 72. Bf3 Ke5 73. Ke3 Kf5 74. Nd2 Ke5 75. Ne4 Kf5 76. Be2 Ke5 77. Bg4 Kd5 78. Kf4 Kd4 79. Nf6 Kd3 80. Ke5 Ke3 81. Nd5+ Kd3 82. Bf5+ Kc4 83. Be4 Kc5 84. Bd3 Kc6 85. Kd4 Kd6 86. Nc3 Ke6 87. Nd5 Kd6 88. Bf5 Kc6 89.
Ne3 Kd6 90. Nc4+ Kc6 91. Be6 Kc7 92. Kc5 Kd8 93. Kd6 Ke8 94. Ne5 Kf8 95. Bf5 Kg7 96. Ke6 Kh6 97. Kf6 Kh5 98. Nf3 Kh6 99. Bg4 Kh7 100.
Ng5+ Kh8 101. Nf7+ Kh7 102. Bf5+ Kg8 103. Bg6 Kf8 104. Bh7 Ke8 105. Ne5 Kf8 106. Nd7+ Ke8 107. Ke6 Kd8 108. Kd6 Ke8 109. Bg6+ Kd8 110. Nc5 Kc8 111. Bf7 Kd8 112. Nb7+ Kc8 113. Kc6 Kb8 114. Be6 Ka7 115. Nc5 Kb8 116. Kb6 Ka8 117. Bd7 Kb8 118. Na6+ 1-0

[Event "*** Titled Tuesday 3|2 Blitz"]
[Site "Chess.com"]
[Date "2015.10.06"]
[Round "2"]
[White "armago"]
[Black "WilliamRDavis"]
[Result "1-0"]
[WhiteElo "2047"]
[BlackElo "1888"]
[TimeControl "180+2"]
[EndTime "11:15:20 PDT"]
[Termination "armago won by resignation"]

1. d4 Nf6 2. c4 e6 3. Nc3 c5 4. d5 exd5 5. cxd5 d6 6. e4 g6 7. h3 Bg7 8. Nf3 O-O 9. Bg5 a6 10. Bd3 b5 11. a3 Re8 12. O-O Qc7 13. Qd2 b4 14. axb4 cxb4 15. Na4 Nxe4 16. Bxe4 Rxe4 17. Rfc1 Qb7 18. Qc2 Bd7 19. Qxe4 1-0

[Event "*** Titled Tuesday 3|2 Blitz"]
[Site "Chess.com"]
[Date "2015.10.06"]
[Round "2"]
[White "BakaPG"]
[Black "Goala"]
[Result "1-0"]
[WhiteElo "2516"]
[BlackElo "2138"]
[TimeControl "180+2"]
[EndTime "11:15:30 PDT"]
[Termination "BakaPG won by resignation"]

1. e4 e6 2. d3 c5 3. Nd2 g6 4. Ngf3 Bg7 5. g3 Nc6 6. Bg2 Nge7 7. O-O O-O 8. Re1 e5 9. Nc4 d6 10. a4 h6 11. c3 Be6 12. Ne3 Qd7 13. b3 Rad8 14.
Ba3 b6 15. b4 Kh7 16. b5 Na5 17. c4 f5 18. Nd5 fxe4 19. dxe4 Bg4 20. Rc1 Nb3 21.
Qxb3 1-0

[Event "*** Titled Tuesday 3|2 Blitz"]
[Site "Chess.com"]
[Date "2015.10.06"]
[Round "2"]
[White "MattyDPerrine"]
[Black "kesarev"]
[Result "1-0"]
[WhiteElo "2259"]
[BlackElo "2167"]
[TimeControl "180+2"]
[EndTime "11:15:53 PDT"]
[Termination "MattyDPerrine won by checkmate"]

1. d4 Nc6 2. Nf3 d5 3. c4 Bg4 4. cxd5 Bxf3 5. gxf3 Qxd5 6. e3 e5 7. Nc3 Bb4 8. Bd2 Bxc3 9. bxc3 Qd6 10. Qb3 Nge7 11.
Rg1 O-O 12. Bd3 Rfe8 13. O-O-O Rab8 14. Bc4 Rf8 15. Qb2 Na5 16. Bb3 c5 17. dxe5 Qxe5 18.
c4 Nxb3+ 19. axb3 Qf5 20. Qxg7# 1-0

[Event "*** Titled Tuesday 3|2 Blitz"]
[Site "Chess.com"]
[Date "2015.10.06"]
[Round "2"]
[White "Canonkasparov"]
[Black "jup1978"]
[Result "1-0"]
[WhiteElo "2364"]
[BlackElo "2302"]
[TimeControl "180+2"]
[EndTime "11:15:59 PDT"]
[Termination "Canonkasparov won by resignation"]

1. d4 d5 2. Nf3 Nf6 3. Bf4 e6 4. e3 Bd6 5. Bg3 c5 6. c3 Nc6 7.
Nbd2 Nh5 8. Be2 Nxg3 9. hxg3 b6 10. Bb5 Bd7 11. Qe2 h6 12. a3 Na5 13. Bd3 Qc7 14. e4 cxd4 15. cxd4 Bc6 16. e5 Be7 17. g4 g6 18. Rc1 Qd7 19. b4 Nc4 20. Nxc4 dxc4 21. Rxc4 Rd8 22. Rxc6 1-0

[Event "*** Titled Tuesday 3|2 Blitz"]
[Site "Chess.com"]
[Date "2015.10.06"]
[Round "2"]
[White "HustleStandard"]
[Black "chessloveyou"]
[Result "0-1"]
[WhiteElo "2338"]
[BlackElo "2184"]
[TimeControl "180+2"]
[EndTime "11:16:36 PDT"]
[Termination "chessloveyou won by resignation"]

1. d4 Nf6 2. Nf3 e6 3. Bg5 d5 4. e3 Be7 5. Nbd2 O-O 6. Bd3 Nbd7 7. O-O c5 8. c3 Qb6 9. Rb1 Re8 10. a3 Qc7 11. b4 b6 12. bxc5 bxc5 13. Qa4 c4 14.
Bc2 Nb6 15. Qa6 Bxa6 0-1

[Event "*** Titled Tuesday 3|2 Blitz"]
[Site "Chess.com"]
[Date "2015.10.06"]
[Round "2"]
[White "SenseiJulio"]
[Black "Chesster_30"]
[Result "1-0"]
[WhiteElo "2521"]
[BlackElo "1632"]
[TimeControl "180+2"]
[EndTime "11:16:43 PDT"]
[Termination "SenseiJulio won by resignation"]

1. d4 d5 2. c4 c6 3. Nf3 Nf6 4. g3 dxc4 5. Bg2 g6 6. a4 Bg7 7. Na3 O-O 8. Nxc4 Nbd7 9. O-O Nb6 10. Nce5 Nfd7 11. a5 Nxe5 12. Nxe5 Nd7 13. Nc4 e5 14. d5 cxd5 15. Qxd5 a6 16. Be3 Qe7 17. Rfd1 Kh8 18. Qd6 Re8 19. Rac1 Nf6 20. Qxe7 Rxe7 21. Nb6 Re8 22.
Nxa8 1-0

[Event "*** Titled Tuesday 3|2 Blitz"]
[Site "Chess.com"]
[Date "2015.10.06"]
[Round "2"]
[White "HansCoolNiemann"]
[Black "FMCouch"]
[Result "1-0"]
[WhiteElo "2064"]
[BlackElo "2030"]
[TimeControl "180+2"]
[EndTime "11:17:22 PDT"]
[Termination "HansCoolNiemann won by resignation"]

1. d4 Nf6 2. c4 g6 3. Nc3 Bg7 4. e4 d6 5. Nf3 O-O 6. Be2 e5 7. dxe5 dxe5 8. Qxd8 Rxd8 9. Bg5 Nbd7 10. O-O-O Rf8 11.
Ne1 Nc5 12. f3 a5 13. Be3 Ne6 14. Nc2 c6 15. b3 Nd7 16. Kb2 Re8 17. Rd2 Ndc5 18.
Rhd1 Bf8 19. a3 Kg7 20. b4 axb4 21. axb4 Na4+ 22. Nxa4 Rxa4 23. Kb3 Ra8 24. c5 Nc7 25.
Bc4 Nb5 26. Rd8 Be6 27. Rxe8 Bxc4+ 28. Kxc4 Rxe8 29. Rd7 Ra8 30. Rxb7 Ra2 31. Kb3 Ra6 32. Rb6 Rxb6 33. cxb6 Nd6 34. Bc5 Nb7 35. Kc4 f6 36.
Bxf8+ Kxf8 37. b5 cxb5+ 38. Kxb5 Ke7 39. Kc6 Nd8+ 40. Kc7 Ne6+ 41. Kc8 Kd6 42. b7 1-0

[Event "*** Titled Tuesday 3|2 Blitz"]
[Site "Chess.com"]
[Date "2015.10.06"]
[Round "2"]
[White "ilmago"]
[Black "Nutflush"]
[Result "0-1"]
[WhiteElo "1848"]
[BlackElo "1952"]
[TimeControl "180+2"]
[EndTime "11:17:22 PDT"]
[Termination "Nutflush won by resignation"]

1. e4 c5 2. Nf3 Nc6 3. d4 cxd4 4. Nxd4 Nf6 5. Nc3 e5 6. Ndb5 d6 7. a4 a6 8. Na3 Be6 9. Bc4 Be7 10. O-O O-O 11.
Nd5 Nxe4 12. Nxe7+ Qxe7 13. Bd3 f5 14. Re1 Nf6 15.
Nc4 Rad8 16. Be3 e4 17. Be2 Nd5 18. Bd4 f4 19. f3 e3 20. Bd3 Nxd4 0-1

[Event "*** Titled Tuesday 3|2 Blitz"]
[Site "Chess.com"]
[Date "2015.10.06"]
[Round "2"]
[White "Trendle"]
[Black "Jahonas"]
[Result "1-0"]
[WhiteElo "2342"]
[BlackElo "2056"]
[TimeControl "180+2"]
[EndTime "11:17:28 PDT"]
[Termination "Trendle won by resignation"]

1. e4 c6 2. Nf3 d5 3. Nc3 dxe4 4. Nxe4 Nf6 5. Qe2 Nxe4 6. Qxe4 e6 7. d4 Nd7 8. Bd2 Nf6 9. Qh4 Be7 10. O-O-O h6 11. Bd3 Qc7 12. Ne5 Nd7 13. Qg3 Nxe5 14. dxe5 Bf8 15. Be3 Bd7 16. Rd2 c5 17. Rhd1 O-O-O 18. Be4 g6 19. Qf3 Bg7 20. Qxf7 Qxe5 21. Bxb7+ Kxb7 22.
Rxd7+ Kc6 23. Qf3+ Kb5 24. Qb7+ 1-0

[Event "*** Titled Tuesday 3|2 Blitz"]
[Site "Chess.com"]
[Date "2015.10.06"]
[Round "2"]
[White "jefferyx"]
[Black "AleksandrNevski"]
[Result "1/2-1/2"]
[WhiteElo "2550"]
[BlackElo "2425"]
[TimeControl "180+2"]
[EndTime "11:17:33 PDT"]
[Termination "Game drawn by repetition"]

1. b4 d5 2. Bb2 Bg4 3. a3 e6 4. h3 Bh5 5. g4 Bg6 6. d3 h5 7. gxh5 Bxh5 8. Nd2 Nd7 9. Ngf3 Ngf6 10. Rg1 c6 11. c4 a5 12. Bc3 axb4 13. axb4 Bxf3 14.
exf3 g6 15. Rxa8 Qxa8 16. Qc1 Bg7 17. Qa1 O-O 18. Qxa8 Rxa8 19. Kd1 Nh5 20. Bxg7 Kxg7 21. b5 Ra1+ 22. Kc2 Kf6 23. Kb2 Rd1 24. Kc2 Ra1 25. Kb2 Rd1 26. Kc2 Ra1 1/2-1/2

[Event "*** Titled Tuesday 3|2 Blitz"]
[Site "Chess.com"]
[Date "2015.10.06"]
[Round "2"]
[White "E-Shaposhnikov"]
[Black "Zvonokchess"]
[Result "1-0"]
[WhiteElo "2535"]
[BlackElo "2546"]
[TimeControl "180+2"]
[EndTime "11:17:53 PDT"]
[Termination "E-Shaposhnikov won by resignation"]

1. e4 c5 2. Nf3 e6 3. d3 Nc6 4. g3 g6 5. Bg2 Bg7 6. c3 Nge7 7. h4 h6 8. d4 cxd4 9. cxd4 d5 10. e5 f6 11. exf6 Bxf6 12. Nc3 Nf5 13. Ne2 Qb6 14. O-O O-O 15. Nf4 Kh7 16. h5 gxh5 17.
Nxh5 Bxd4 18. Nxd4 Qxd4 19. Qe2 Qe5 20. Qd2 Qd4 21. Qe2 Qe5 22. Qg4 Rg8 23. Qh3 Bd7 24. Bf4 Qxb2 25. Rab1 Qh8 26. Rxb7 Rad8 27. Bxd5 Ncd4 28. Bxe6 Nxe6 29. Qxf5+ Rg6 30. Qf7+ Ng7 31. Rxd7 1-0

[Event "*** Titled Tuesday 3|2 Blitz"]
[Site "Chess.com"]
[Date "2015.10.06"]
[Round "2"]
[White "Iball95"]
[Black "Er_is_geen_hoop_meer"]
[Result "1-0"]
[WhiteElo "2355"]
[BlackElo "2317"]
[TimeControl "180+2"]
[EndTime "11:18:33 PDT"]
[Termination "Iball95 won by resignation"]

1. e4 c5 2. Nf3 e6 3. g3 Nc6 4. Bg2 Nf6 5. d3 Be7 6. O-O O-O 7. Nc3 d6 8. Re1 Rb8 9. e5 dxe5 10. Nxe5 Nxe5 11.
Rxe5 Bd6 12. Re1 h6 13. Ne4 Be7 14. Qe2 Nxe4 15. Bxe4 Bd7 16. Bf4 Rc8 17. Bxb7 Bc6 18. Bxc8 Qxc8 19. Be5 Ba8 20. f3 c4 21. dxc4 f6 22. Bc3 e5 23. Rad1 Qh3 24. b4 a5 25. a3 Qh5 26. Kg2 Rc8 27. c5 Re8 28. Rd3 Bd8 29. b5 Be7 30. c6 Bc5 31. Bxa5 f5 32.
Rd8 Rxd8 33. Bxd8 Bd4 34. Ba5 Kh7 35. c3 Bc5 36. Bb4 Bb6 37. a4 g5 38. Qxe5 Bd8 39.
Qxf5+ Kg7 40. Qf8+ Kh7 41. Qxd8 1-0

[Event "*** Titled Tuesday 3|2 Blitz"]
[Site "Chess.com"]
[Date "2015.10.06"]
[Round "2"]
[White "Dlugy"]
[Black "VSERGUEI"]
[Result "1-0"]
[WhiteElo "2557"]
[BlackElo "2488"]
[TimeControl "180+2"]
[EndTime "11:18:47 PDT"]
[Termination "Dlugy won by checkmate"]

1. d4 d5 2. Bf4 Nf6 3. e3 e6 4. Nd2 Bd6 5. Bg3 b6 6. Ngf3 Bb7 7. Bd3 O-O 8. Ne5 Qe7 9. O-O Nbd7 10. c3 a6 11. f4 Ne4 12. Qc2 f5 13. Ndf3 c5 14.
Bh4 Ndf6 15. h3 Rac8 16. Qe2 b5 17. g4 Qe8 18. Kh1 c4 19. Bc2 b4 20. cxb4 Bxb4 21. Rg1 a5 22. Rg2 Rc7 23. Rag1 a4 24. a3 Bd6 25.
Qd1 c3 26. Bxa4 Qa8 27. b4 Nd2 28. Bxf6 Rxf6 29. Nxd2 cxd2 30. gxf5 Rc1 31. Rxg7+ Kh8 32. Rxh7+ Kxh7 33. Qh5+ Rh6 34. Qf7+ Kh8 35. Qg7# 1-0

[Event "*** Titled Tuesday 3|2 Blitz"]
[Site "Chess.com"]
[Date "2015.10.06"]
[Round "2"]
[White "silverback96"]
[Black "dretch"]
[Result "0-1"]
[WhiteElo "1887"]
[BlackElo "2553"]
[TimeControl "180+2"]
[EndTime "11:19:06 PDT"]
[Termination "dretch won by resignation"]

1. d4 d5 2. c4 c6 3. Nf3 Nf6 4. Nc3 dxc4 5. a4 Bf5 6. Ne5 Nbd7 7.
Nxc4 Nb6 8. Ne5 a5 9. g3 e6 10. Bg2 Bb4 11. O-O O-O 12. Re1 h6 13. e4 Bh7 14. f4 Nfd7 15. Be3 Nxe5 16. fxe5 Nc4 17. Bc1 c5 18. d5 Nxe5 19. Qh5 Nd3 20. Rf1 Bg6 21.
Qd1 c4 22. Nb5 Qb6+ 23. Kh1 Nf2+ 24. Rxf2 Qxf2 25. Bf4 exd5 26. exd5 Rfe8 27. Qg4 Re1+ 0-1

[Event "*** Titled Tuesday 3|2 Blitz"]
[Site "Chess.com"]
[Date "2015.10.06"]
[Round "2"]
[White "Badouuu"]
[Black "GregShahade"]
[Result "0-1"]
[WhiteElo "1945"]
[BlackElo "2302"]
[TimeControl "180+2"]
[EndTime "11:19:08 PDT"]
[Termination "GregShahade won by resignation"]

1. e4 e5 2. Nf3 Nc6 3. Bb5 a6 4. Ba4 Nf6 5. O-O Be7 6. Re1 b5 7. Bb3 d6 8. c3 O-O 9. h3 Na5 10.
Bc2 c5 11. d3 Qc7 12. Nbd2 Re8 13. Nf1 h6 14. Ng3 Bf8 15. Nh4 g6 16. Be3 Bg7 17. Qd2 Kh7 18. a4 Be6 19. axb5 axb5 20.
Qe2 Nc6 21. f4 exf4 22. Bxf4 Qe7 23. Nf3 Rxa1 24. Rxa1 d5 25. exd5 Nxd5 26. Bd2 b4 27. Ra6 Qb7 28. Ra4 bxc3 29. bxc3 Qb2 30. Be1 Bxc3 31.
d4 Nxd4 32. Nxd4 Bxd4+ 33. Kh1 Bd7 34. Ra7 Rxe2 0-1

[Event "*** Titled Tuesday 3|2 Blitz"]
[Site "Chess.com"]
[Date "2015.10.06"]
[Round "2"]
[White "gumersindo"]
[Black "AndreyOstrovskiy"]
[Result "0-1"]
[WhiteElo "2150"]
[BlackElo "2379"]
[TimeControl "180+2"]
[EndTime "11:19:25 PDT"]
[Termination "AndreyOstrovskiy won by resignation"]

1. d4 Nf6 2. c4 e6 3. Nc3 Bb4 4. Qc2 O-O 5. a3 Bxc3+ 6. Qxc3 d6 7. Bg5 Nbd7 8. e3 Re8 9. Ne2 e5 10. d5 a5 11. Qc2 a4 12. Nc3 h6 13. Bxf6 Qxf6 14.
Nxa4 e4 15. Nc3 Qg6 16. O-O-O Nc5 17. Nb5 Re7 18. h4 h5 19. Kb1 Bd7 20. Nc3 Ree8 21. Rd4 f5 22. g3 Qf6 23. Be2 g6 24. Rhd1 Ra7 25. Nb5 Bxb5 26. cxb5 Rea8 27. Rb4 b6 28. Rc1 Qe5 29. Rd1 Ra4 30. Rxa4 Rxa4 31. Bc4 Kf8 32. Rd4 Ra7 33. Rd1 Ke7 34. Rd2 Kd8 35. Ka2 Kc8 36.
Qc3 Qxc3 37. bxc3 Kd8 38. Bb3 Ke7 39. c4 Kf6 40. Bc2 Ra8 41. Kb2 g5 42. hxg5+ Kxg5 43. Rd1 Rh8 44. Rh1 Nd7 45. Bd1 Ne5 46. Kc3 h4 47.
gxh4+ Rxh4 48. Rxh4 Kxh4 49. Kd2 Nxc4+ 0-1

[Event "*** Titled Tuesday 3|2 Blitz"]
[Site "Chess.com"]
[Date "2015.10.06"]
[Round "2"]
[White "1stSecond"]
[Black "jbj"]
[Result "1-0"]
[WhiteElo "2398"]
[BlackElo "2277"]
[TimeControl "180+2"]
[EndTime "11:19:34 PDT"]
[Termination "1stSecond won by resignation"]

1. d4 Nf6 2. c4 e6 3. Nc3 Bb4 4. e3 b6 5. Ne2 Bb7 6. a3 Be7 7. Ng3 d5 8. cxd5 Nxd5 9. Bb5+ c6 10. Be2 Nxc3 11. bxc3 c5 12. O-O O-O 13. a4 Nc6 14.
Ba3 cxd4 15. Bxe7 Qxe7 16. cxd4 Rfd8 17. Qb1 g6 18. Rc1 Rac8 19. Bf3 Na5 20. Qb5 Bxf3 21. gxf3 f5 22. Ne2 Qb7 23. Kg2 Kf7 24. Nf4 a6 25. Qb2 Rxc1 26. Rxc1 g5 27. Nd3 g4 28. Ne5+ Ke8 29.
Qb4 gxf3+ 30. Kh1 Rc8 31. Rg1 Qg7 32. Rxg7 Rc1+ 33. Rg1 1-0

[Event "*** Titled Tuesday 3|2 Blitz"]
[Site "Chess.com"]
[Date "2015.10.06"]
[Round "2"]
[White "zmaj23"]
[Black "alexsuper1987"]
[Result "1-0"]
[WhiteElo "2316"]
[BlackElo "2203"]
[TimeControl "180+2"]
[EndTime "11:19:38 PDT"]
[Termination "zmaj23 won by resignation"]

1. e4 c5 2. Nf3 e6 3. d4 cxd4 4.
Nxd4 Nf6 5. Nc3 Nc6 6. a3 Qc7 7.
g3 a6 8. Bg2 Nxd4 9. Qxd4 Bc5 10. Qd3 O-O 11. O-O d6 12. b4 Ba7 13. Bb2 Rd8 14. Ne2 Bd7 15. Bxf6 gxf6 16. Nf4 Bb5 17. c4 Qxc4 18. Qf3 Qd4 19. Rfd1 Qe5 20. Nh5 f5 21. Rac1 fxe4 22. Nf6+ Kh8 23. Nxe4 f5 24. Ng5 Rd7 25. Qh5 Be2 26. Nf7+ Kg7 27. Nxe5 Bxh5 28. Nxd7 Bxd1 29. Rxd1 Rd8 30. Rxd6 Bb8 31. Rd1 Bc7 32. Bxb7 a5 33. b5 1-0

[Event "*** Titled Tuesday 3|2 Blitz"]
[Site "Chess.com"]
[Date "2015.10.06"]
[Round "2"]
[White "A-Fier"]
[Black "MinhGTrAn"]
[Result "1-0"]
[WhiteElo "2488"]
[BlackElo "2565"]
[TimeControl "180+2"]
[EndTime "11:19:41 PDT"]
[Termination "A-Fier won on time"]

1. b3 d5 2. Bb2 Bf5 3. e3 e6 4.
h4 Nf6 5. Be2 h6 6. Nf3 Nbd7 7.
d3 Bd6 8. Nbd2 Qe7 9. h5 Ba3 10.
Qc1 Bxb2 11. Qxb2 Bg4 12. Ne5 Bxe2 13. Kxe2 O-O-O 14. Nxd7 Rxd7 15. Nf3 Rdd8 16. Ne5 Rhe8 17. f3 Nh7 18. g4 f6 19. Ng6 Qd6 20. b4 Ng5 21. f4 Nf7 22. Rae1 e5 23. Kd2 exf4 24. exf4 Nh8 25. Qd4 Nxg6 26. hxg6 b6 27. b5 Qd7 28. g5 hxg5 29. fxg5 fxg5 30. a4 Qf5 31. Qxg7 Rg8 32. Qc3 Rxg6 33. Rh7 Qf4+ 34. Kd1 d4 35. Qc4 g4 36.
Rf7 Qh2 37. Ree7 Qg1+ 38. Kd2 Qh2+ 39. Kc1 Qg1+ 40. Kb2 1-0

[Event "*** Titled Tuesday 3|2 Blitz"]
[Site "Chess.com"]
[Date "2015.10.06"]
[Round "2"]
[White "Quinten94"]
[Black "Schemato"]
[Result "1-0"]
[WhiteElo "2280"]
[BlackElo "2179"]
[TimeControl "180+2"]
[EndTime "11:19:45 PDT"]
[Termination "Quinten94 won by resignation"]

1. e4 e6 2. d4 d5 3. Nd2 Be7 4. Ngf3 Nf6 5. e5 Nfd7 6. Bd3 c5 7. c3 b6 8. Ne4 Ba6 9. Bxa6 Nxa6 10. Nd6+ Bxd6 11.
exd6 O-O 12. O-O Nf6 13. Bf4 Ne4 14. Qa4 Nb8 15. c4 Nxd6 16. dxc5 bxc5 17. cxd5 exd5 18. Rfd1 d4 19. b4 Nc4 20. Qb3 Qf6 21. bxc5 Qxf4 22.
Qxc4 Nc6 23. Qd5 Rac8 24. g3 Qg4 25. Kg2 Rfd8 26. Qc4 Qxf3+ 27. Kxf3 Ne5+ 28. Ke4 Nxc4 29. Rxd4 Nd2+ 30. Kd3 Rxd4+ 31. Kxd4 Nf3+ 32. Kd5 Nxh2 33. c6 Ng4 34. Kd6 Nf6 35. g4 h6 36. f4 Kf8 37.
Re1 Ne8+ 38. Kd7 Rc7+ 39. Kd8 f5 40. Rxe8+ Kf7 41. Kxc7 Kxe8 42. Kb7 fxg4 43. c7 g3 44. c8=Q+ Kf7 45. Qg4 1-0

[Event "*** Titled Tuesday 3|2 Blitz"]
[Site "Chess.com"]
[Date "2015.10.06"]
[Round "2"]
[White "dpopadic"]
[Black "JustKid"]
[Result "0-1"]
[WhiteElo "2232"]
[BlackElo "2105"]
[TimeControl "180+2"]
[EndTime "11:19:51 PDT"]
[Termination "JustKid won by resignation"]

1. e4 d6 2. d4 Nf6 3. Nc3 g6 4. Bg5 Bg7 5. e5 dxe5 6. dxe5 Ng4 7. Qxd8+ Kxd8 8. Rd1+ Bd7 9. e6 fxe6 10. Bc4 Ke8 11. Nf3 Nc6 12. O-O Nge5 13. Nxe5 Nxe5 14. Nb5 Rc8 15. Nxa7 Nxc4 16. Nxc8 Bxc8 17. b3 Nd6 18. Rfe1 Rf8 19. c4 Rf5 20. Be3 b6 21. Rc1 Bb2 22. Rc2 Ba3 23. Bd2 Kd7 24. b4 Ba6 25. Re3 Nxc4 26. Rd3+ Rd5 27. Rxd5+ exd5 28. Be1 e5 29. h3 d4 30. f3 d3 31. Rf2 Bc1 32. Kh2 Be3 33. Rf1 d2 34. Bxd2 Bxd2 35. Rd1 Ke6 36. a3 c5 37. bxc5 bxc5 38. h4 Bf4+ 39.
g3 Be3 40. a4 Bd4 41. Rb1 Nb2 42. a5 c4 43. Kg2 c3 44. Rc1 Kd5 45. g4 Kc4 46. h5 Kd3 47. hxg6 hxg6 48. Kg3 Kd2 49.
Rh1 c2 50. f4 exf4+ 51. Kxf4 Be3+ 52. Ke5 c1=Q 53. Rd1+ Qxd1 54. Kf6 Qxg4 0-1

[Event "*** Titled Tuesday 3|2 Blitz"]
[Site "Chess.com"]
[Date "2015.10.06"]
[Round "2"]
[White "Boryboy"]
[Black "LyonBeast"]
[Result "0-1"]
[WhiteElo "2484"]
[BlackElo "2690"]
[TimeControl "180+2"]
[EndTime "11:20:21 PDT"]
[Termination "LyonBeast won by resignation"]

1. d4 Nf6 2. Nf3 g6 3. g3 Bg7 4. Bg2 O-O 5. O-O d5 6. c3 Bf5 7. Bf4 Qc8 8. Re1 c5 9. Na3 Rd8 10.
Nb5 a6 11. Na3 c4 12. Nc2 Nc6 13. Ne5 Nh5 14. Nxc6 Qxc6 15. Be3 Nf6 16. f3 b5 17. Bf2 Re8 18. a4 Bxc2 19. Qxc2 e6 20. e4 Reb8 21. axb5 axb5 22. g4 b4 23. g5 Nh5 24.
Be3 bxc3 25. bxc3 Rxa1 26. Rxa1 e5 27. exd5 Qd6 28. f4 exd4 29. cxd4 Nxf4 30. Qxc4 Nxg2 31.
Kxg2 Rb2+ 32. Bf2 Qf4 33. Qc8+ Bf8 34. Rf1 Qxg5+ 35. Kh3 Qxd5 36. Qg4 h5 37. Qc8 Qf3+ 0-1

[Event "*** Titled Tuesday 3|2 Blitz"]
[Site "Chess.com"]
[Date "2015.10.06"]
[Round "2"]
[White "ruifeng"]
[Black "Arashy_CC"]
[Result "0-1"]
[WhiteElo "2117"]
[BlackElo "2368"]
[TimeControl "180+2"]
[EndTime "11:20:24 PDT"]
[Termination "Arashy_CC won by resignation"]

1. e4 g6 2. d4 Bg7 3. Nc3 d6 4. Bg5 a6 5. Nf3 b5 6. Bd3 Bb7 7. O-O Nd7 8. Re1 c5 9. e5 cxd4 10. exd6 dxc3 11. Bxe7 Nxe7 12. Rxe7+ Kf8 13. Ng5 Ne5 14. f4 Qb6+ 15. Kh1 h6 16. fxe5 hxg5 17. Bxg6 Bxe5 18. Rxe5 fxg6 19. Re7 Rh4 20. Qd3 Qc6 21. Rg1 Rf4 22. bxc3 Rf6 23. Rh7 Kg8 24. Qh3 Qxg2+ 25. Qxg2 Bxg2+ 26. Kxg2 Kxh7 27. Rd1 Rd8 28. d7 Rf7 29.
Rd6 Rfxd7 30. Rxa6 Rd2+ 31. Kg3 Rxc2 32. Rb6 Rxc3+ 0-1

[Event "*** Titled Tuesday 3|2 Blitz"]
[Site "Chess.com"]
[Date "2015.10.06"]
[Round "2"]
[White "dabee"]
[Black "promen1999"]
[Result "0-1"]
[WhiteElo "2371"]
[BlackElo "2334"]
[TimeControl "180+2"]
[EndTime "11:20:27 PDT"]
[Termination "promen1999 won on time"]

1. d4 d5 2. c4 c6 3. Nc3 Nf6 4. cxd5 cxd5 5. Bf4 Nc6 6. e3 Bf5 7. Qb3 Na5 8. Qa4+ Bd7 9. Qc2 e6 10. Nf3 Rc8 11. Bd3 Bb4 12. O-O O-O 13. Ne5 Nc6 14.
Qb3 Bxc3 15. bxc3 Nxe5 16. Bxe5 Bc6 17. c4 dxc4 18. Bxc4 Bd5 19. Bxf6 gxf6 20. Bxd5 Qxd5 21. Qxd5 exd5 22. Rfc1 Rc4 23. Rab1 Rfc8 24. Rxc4 dxc4 25. Kf1 c3 26. Ke2 b5 27. Kd3 a5 28. a3 b4 29.
axb4 axb4 30. Kc2 Rc4 31. Ra1 Rc7 32. Ra8+ Kg7 33. Rb8 Rc4 34. Rb5 f5 35. f4 Kf6 36.
Rb6+ Ke7 37. h3 h5 38. g3 Kd7 39. d5 Kc7 40. Rb5 Kd6 41. Kd1 c2+ 42. Kc1 f6 0-1

[Event "*** Titled Tuesday 3|2 Blitz"]
[Site "Chess.com"]
[Date "2015.10.06"]
[Round "2"]
[White "FairChess_on_YouTube"]
[Black "facu57"]
[Result "1/2-1/2"]
[WhiteElo "2705"]
[BlackElo "2490"]
[TimeControl "180+2"]
[EndTime "11:20:28 PDT"]
[Termination "Game drawn by repetition"]

1. e4 e5 2. Nf3 Nc6 3. d4 exd4 4. Nxd4 Bc5 5. Nxc6 dxc6 6. Qxd8+ Kxd8 7. Bc4 Nf6 8. f3 Be6 9. Bxe6 fxe6 10. Ke2 Ke7 11. Nd2 e5 12. Nb3 Bd6 13. Na5 b6 14. Nc4 h6 15.
Be3 Ke6 16. a4 a5 17. Rhd1 Rad8 18. Bf2 g6 19. Bh4 Be7 20. Bg3 Bd6 21. Rd3 Nh5 22. Rad1 Nxg3+ 23. hxg3 Be7 24. f4 Rxd3 25. Rxd3 Bf6 26.
Kf3 h5 27. fxe5 Bxe5 28. Nxe5 Kxe5 29. Rd7 Rf8+ 30. Ke3 Rf1 31. Rxc7 Re1+ 32. Kf2 Rb1 33. Rxc6 Rxb2 34. Ke3 Rb4 35. Rxg6 Rxe4+ 36. Kd3 Rxa4 37. Rxb6 Rg4 38. Rb5+ Kd6 39. Rxh5 Rxg3+ 40. Kc4 Rxg2 41. c3 a4 42. Rh6+ Kc7 43. Kb5 a3 44. Ra6 a2 45.
c4 Kb7 46. Ra3 Rb2+ 47. Kc5 Rh2 48. Rb3+ Kc7 49. Ra3 Kb7 50. Kb4 Kb6 51. c5+ Kc6 52.
Ra6+ Kb7 53. Ra3 Kc6 54. Ra6+ Kb7 55. Ra3 Kc6 56. Ra6+ 1/2-1/2

[Event "*** Titled Tuesday 3|2 Blitz"]
[Site "Chess.com"]
[Date "2015.10.06"]
[Round "2"]
[White "AnthonyWirig"]
[Black "pKiLz5Rn9b"]
[Result "1-0"]
[WhiteElo "2547"]
[BlackElo "2391"]
[TimeControl "180+2"]
[EndTime "11:20:34 PDT"]
[Termination "AnthonyWirig won by resignation"]

1. d4 e6 2. Nf3 Nf6 3. Bg5 h6 4. Bh4 Be7 5. e3 c5 6. c3 b6 7. Nbd2 Bb7 8. Bg3 O-O 9. Bd3 d6 10. O-O Nbd7 11. Re1 Re8 12. a3 Bf8 13. Nc4 d5 14.
Nce5 a6 15. h3 Ne4 16. Nxd7 Qxd7 17. Ne5 Qc7 18. Bf4 Bd6 19. Qh5 Nf6 20. Qh4 Qd8 21. Rad1 Bf8 22. Bh2 Ne4 23. Qf4 Qf6 24. Nd7 Qxf4 25.
Bxf4 b5 26. Bxe4 dxe4 27. dxc5 Bd5 28. b4 g5 29. Nf6+ Kg7 30. Be5 Kg6 31. Nxd5 exd5 32. Rxd5 a5 33. c6 Rac8 34. c7 f6 35. Bg3 axb4 36.
axb4 f5 37. Rxb5 Kf6 38. Rd1 Ke6 39. Re5+ Kf6 40. Rxe8 Rxe8 41. Rd8 1-0

[Event "*** Titled Tuesday 3|2 Blitz"]
[Site "Chess.com"]
[Date "2015.10.06"]
[Round "2"]
[White "talaicito"]
[Black "PowerThinking2650"]
[Result "0-1"]
[WhiteElo "1977"]
[BlackElo "2072"]
[TimeControl "180+2"]
[EndTime "11:20:35 PDT"]
[Termination "PowerThinking2650 won by resignation"]

1. e4 e5 2. Nf3 Nc6 3. Bb5 a6 4. Ba4 Nf6 5. O-O Be7 6. Re1 b5 7. Bb3 d6 8. c3 O-O 9. h3 Bb7 10. d4 Re8 11. Ng5 Rf8 12. Nf3 h6 13. Nbd2 Re8 14.
Nf1 Bf8 15. dxe5 Nxe5 16. Nd4 Nxe4 17. Ne3 g6 18. f4 Nd7 19. Qg4 d5 20. Nxd5 Ndc5 21.
Ne3 Nxb3 22. axb3 c5 23. Nf3 h5 24. Qh4 Be7 25. Ng5 Nxg5 26. fxg5 Bxg5 27. Qf2 Bh4 28. g3 Bg5 29. Rf1 Bxe3 30. Bxe3 Qd5 31. Qxf7+ Qxf7 32. Rxf7 Kxf7 33. Rf1+ Kg8 34. Bxc5 Re2 35. Bf2 Rf8 36. b4 Rxb2 37. h4 Rf3 38. Be1 Rxf1+ 0-1